AoeStats
← ACES || Raeze

Black Forest

510618130Analyzed
2v2 RM · 1d ago on Oct 1, 2026· 77m 49s· 4 players
Game mode
Random Map
Map size
Medium (4 player)
Population
200
Speed
Normal
Resources
Standard
Victory
Conquest
Starting age
Dark Age
Ending age
Imperial Age
RankedLock teamsTeams togetherTeam positionsShared explorationLock speedFull tech treeHidden civsTurbo modeCheats
Victory
Defeat
🇨🇴 Turks · Colombia
736
+11
🇮🇳 Mongols · India
659
+13
🇹🇷 Burgundians · Türkiye
620
-12
🇹🇷 Sicilians · Türkiye
601
-12
ACES || Raeze
2:43 Loom
15:51 Feudal Age
17:38 Double-Bit Axe
17:49 Man-at-Arms
19:49 Forging
19:41 Scale Mail Armor
27:51 Castle Age
26:30 Horse Collar
26:47 Stone Mining
27:42 Wheelbarrow
27:37 Padded Archer Armor
27:27 Fletching
28:29 Pikeman
31:01 Squires
30:32 Crossbowman
34:01 Gold Mining
34:47 Bow Saw
38:45 Gold Shaft Mining
38:45 Stone Shaft Mining
39:02 Caravan
39:53 Bodkin Arrow
43:23 Stone Shaft Mining
42:10 Long Swordsman
45:07 Leather Archer Armor
48:36 Imperial Age
46:24 Hand Cart
47:36 Ballistics
47:31 Heavy Plow
48:51 Elite Mangudai
49:55 Conscription
49:59 Drill
50:38 Bracer
51:08 Parthian Tactics
50:51 Thumb Ring
52:59 Chemistry
52:11 Fortified Wall
54:49 Nomads
65:42 Chain Mail Armor
66:02 Iron Casting
65:33 Scale Barding Armor
68:29 Onager
74:02 Husbandry
73:23 Cavalier
74:13 Bloodlines
Fulgur
0:27 Loom
14:17 Feudal Age
17:34 Double-Bit Axe
17:43 Man-at-Arms
18:39 Arson
19:23 Forging
19:50 Scale Mail Armor
25:16 Castle Age
23:36 Fletching
25:36 Crossbowman
26:16 Bodkin Arrow
26:22 Padded Archer Armor
26:17 Town Watch
27:07 Horse Collar
30:36 Leather Archer Armor
34:34 Bow Saw
36:34 Town Patrol
37:32 Wheelbarrow
37:53 Iron Casting
39:04 Gold Mining
39:07 Stone Mining
40:08 Bloodlines
39:59 Husbandry
40:56 Caravan
41:29 Coinage
45:34 Imperial Age
44:06 Scale Barding Armor
47:21 Conscription
46:23 Elite Janissary
47:34 Guilds
47:55 Banking
51:38 Hand Cart
52:05 Gold Shaft Mining
52:02 Bracer
52:33 Ring Archer Armor
52:18 Heavy Plow
53:08 Thumb Ring
52:33 Heavy Camel Rider
58:32 Blast Furnace
57:53 Chain Barding Armor
60:44 Capped Ram
71:13 Plate Barding Armor
71:07 Ballistics
71:08 Bombard Tower
70:29 Treadmill Crane
70:45 Murder Holes
71:03 Masonry
kado
0:28 Loom
17:37 Feudal Age
24:14 Gold Mining
25:47 Double-Bit Axe
28:34 Castle Age
27:10 Forging
27:08 Scale Barding Armor
29:08 Caravan
30:23 Husbandry
29:44 Cavalier
37:29 Horse Collar
39:25 Iron Casting
39:11 Chain Barding Armor
38:53 Scale Mail Armor
43:01 Wheelbarrow
43:21 Chain Mail Armor
44:20 Heavy Plow
45:52 Stone Mining
46:38 Gold Shaft Mining
48:38 Imperial Age
46:32 Burgundian Vineyards
47:31 Padded Archer Armor
49:13 Hand Cart
50:01 Ballistics
50:50 Conscription
53:45 Chemistry
53:26 Plate Barding Armor
53:53 Blast Furnace
53:58 Crop Rotation
54:09 Bow Saw
54:01 Elite Coustillier
56:27 Treadmill Crane
57:15 Town Watch
58:07 Plate Mail Armor
57:55 Leather Archer Armor
58:30 Coinage
64:13 Banking
74:22 Squires
Omer burak3514
1:09 Loom
13:12 Feudal Age
14:35 Double-Bit Axe
16:36 Arson
36:42 Castle Age
38:42 Caravan
39:17 Husbandry
39:29 Bloodlines
40:48 Murder Holes
42:02 Wheelbarrow
41:12 Town Watch
41:23 Horse Collar
43:00 Squires
42:54 Gambesons
43:10 Squires
47:44 Imperial Age
46:06 Forging
48:42 Hauberk
48:59 First Crusade
50:27 Chemistry
49:41 Cavalier
50:47 Town Patrol
53:21 Ballistics
53:31 Ballistics
54:50 Heavy Scorpion
57:58 Masonry
69:11 Hoardings
Connection lost

Rejoining the realm…

Still unreachable

The connection could not be restored.

Session expired

The server has moved on; the page needs a fresh start.